 Dungeon Crawl Stone Soup version 0.30.0-29-ga12c61a403 (webtiles) character file.

Game seed: 7010400656678609886

326 monsoonserge the Conjurer (level 6, 0/44 HPs)
             Began as a Gnoll Conjurer on June 16, 2023.
             Slain by Duvessa
             ... wielding a +0 short sword
              (10 damage)
             ... on level 4 of the Dungeon.
             The game lasted 00:08:50 (3075 turns).

monsoonserge the Conjurer (Gnoll Conjurer)          Turns: 3075, Time: 00:08:53

Health: 0/44       AC:  4    Str:  7    XL:     6   Next: 49%
Magic:  5/14       EV: 13    Int: 19    God:
Gold:   265        SH:  0    Dex: 10    Spells: 9/15 levels left

rFire   . . .        a - +2 dagger (venom)
rCold   + . .        (no shield)
rNeg    . . .        u - +2 robe {Will+}
rPois   .            (no helmet)
rElec   .            (no cloak)
rCorr   .            (no gloves)
SInv    .            (no boots)
Will    +....        (no amulet)
Stlth   +            p - ring of protection from cold
HPRegen 0.27/turn    t - +4 ring of slaying
MPRegen 0.14/turn

%: no passive effects
@: lit by a corona, glowing
A: fangs 1, strong nose, distributed training
a: no special abilities


You were on level 4 of the Dungeon.
You visited 1 branch of the dungeon, and saw 4 of its levels.

You collected 265 gold pieces.

Inventory:

Hand Weapons
 a - a +2 dagger of venom (weapon)
 c - a +0 whip
 d - a +0 spear
 e - a +0 hand axe
 q - a +0 rapier
Missiles
 m - 8 poisoned darts
 o - 6 boomerangs (quivered)
 x - 6 atropa-tipped darts
Armour
 n - an orb of mayhem
 u - a +2 robe of willpower (worn)
Jewellery
 p - a ring of protection from cold (left hand)
 t - a +4 ring of slaying (right hand)
Scrolls
 g - a scroll of vulnerability {unknown}
 h - 2 scrolls of teleportation {unknown}
 k - 6 scrolls of identify {unknown}
 v - a scroll of amnesia {unknown}
 w - a scroll of silence {unknown}
 y - a scroll of torment {unknown}
 z - a scroll of enchant weapon {unknown}
 C - a scroll of poison {unknown}
Potions
 b - a potion of magic
 f - a potion of mutation {unknown}
 i - 3 potions of attraction {unknown}
 j - a potion of degeneration {unknown}
 l - 2 potions of resistance {unknown}
 r - a potion of curing {unknown}
 s - a potion of haste {unknown}
 A - a potion of might {unknown}
 B - a potion of lignification {unknown}


   Skills:
 + Level 2.1 Fighting
 + Level 2.1 Short Blades
 + Level 2.1 Long Blades
 + Level 2.1 Axes
 + Level 2.1 Maces & Flails
 + Level 2.1 Polearms
 + Level 2.1 Staves
 + Level 2.1 Ranged Weapons
 + Level 2.1 Throwing
 + Level 2.1 Armour
 + Level 5.0 Dodging
 + Level 4.6 Stealth
 + Level 2.1 Shields
 + Level 2.1 Unarmed Combat
 + Level 5.4 Spellcasting
 + Level 7.3 Conjurations
 + Level 1.6 Hexes
 + Level 1.6 Summonings
 + Level 1.6 Necromancy
 + Level 1.6 Translocations
 + Level 1.6 Transmutations
 + Level 1.6 Fire Magic
 + Level 1.6 Ice Magic
 + Level 1.6 Air Magic
 + Level 1.6 Earth Magic
 + Level 1.6 Poison Magic
 + Level 2.3 Invocations
 + Level 2.1 Evocations


You had 9 spell levels left.
You knew the following spells:

 Your Spells              Type           Power      Damage    Failure   Level
a - Magic Dart            Conj           100%       1d8       1%          1
b - Searing Ray           Conj           66%        2d6       1%          2
c - Dazzling Flash        Conj/Hex       44%        N/A       5%          3

Your spell library contained the following spells:

 Spells                   Type           Power      Damage    Failure   Level
 Sting                    Tmut/Pois      44%        1d5       6%          1
 Poisonous Vapours        Pois/Air       22%        N/A       9%          2
 Scorch                   Fire           22%        2d5       9%          2
 Call Canine Familiar     Summ           11%        N/A       19%         3
 Portal Projectile        Hex/Tloc       22%        N/A       19%         3
 Volatile Blastmotes      Fire/Tloc      22%        2d11      19%         3
 Flame Wave               Conj/Fire      22%        2d8       19%         4
 Fulminant Prism          Conj/Hex       11%        3d9       19%         4
 Iskenderun's Mystic Bla  Conj/Tloc      22%        2d6       19%         4
 Leda's Liquefaction      Hex/Erth       5%         N/A       52%         4
 Olgreb's Toxic Radiance  Pois           11%        N/A       52%         4
 Lee's Rapid Deconstruct  Erth           5%         3d6*      86%         5
 Summon Cactus Giant      Summ           5%         N/A       100%        6


Dungeon Overview and Level Annotations

Branches:
Dungeon (4/15)
 Temple: D:4-7

Altars:
Cheibriados

Annotations:
D:4 Duvessa


Innate Abilities, Weirdness & Mutations

You have very sharp teeth.
Your uncanny sense of smell can sniff out nearby items.
Your experience applies equally to all skills.


Message History

Dowan is moderately wounded. (Press . to maintain the ray.) Dowan smirks and points a slender finger.
The searing ray misses Dowan.
Dowan gestures at you while chanting. The puff of frost hits you. You resist.
The searing ray hits Dowan!
Dowan is severely wounded.
The searing ray hits Duvessa!
Duvessa is moderately wounded.
The searing ray hits Duvessa!
Duvessa is heavily wounded.
The searing ray hits Dowan.
Dowan is almost dead.
You finish channelling your searing ray.
Casting: Searing Ray (safe; 1% risk of failure)
Confirm with . or Enter, or press ? or * to list all spells.
Aiming: Searing Ray (safe; 1% risk of failure)
Press: ? - help, Shift-Dir - straight line, f/p - Dowan
Aim: Dowan, wielding a +0 dagger and wearing a +0 robe (almost dead, 73% to hit)
The searing ray hits Duvessa.
Duvessa is heavily wounded.
The searing ray hits Dowan.
You kill Dowan!
Duvessa screams, "No!
How DARE you!"
Duvessa goes berserk! (Press . to maintain the ray.)
The searing ray hits Duvessa.
Duvessa is heavily wounded.
Duvessa hits you with a +0 short sword!
The searing ray hits Duvessa.
Duvessa is severely wounded.
Duvessa closely misses you.
The searing ray hits Duvessa.
Duvessa is severely wounded.
You finish channelling your searing ray.
Duvessa hits you with a +0 short sword!
* * * LOW HITPOINT WARNING * * *
Duvessa hits you with a +0 short sword!
You die...

#...########.#...#....
#..<...........# #
#....#####.....#
#..#...# #.....#
#..###..##.....# #..#
#..#.....# #..#
#.#.....# #..#####.#.
#..@e..)..>......# ∆
##.######.#......#
...# .e###e. ....##
##.#?#. ...... ..###
...... ... ......
#.#####.. ######
#<.....?. ########.


You could see Duvessa (berserk).

Vanquished Creatures
  An ice beast (D:3)
  Dowan (D:4)
  Jessica (D:2)
  6 adders
  A shadow imp (D:3)
  2 worms
  4 dart slugs
  2 orcs (D:3)
  8 ball pythons
  6 bats (D:1)
  8 endoplasms
  3 giant cockroaches
  7 goblins
  6 hobgoblins
  3 jackals (D:2)
  5 kobolds
  4 quokkas
  6 frilled lizards
  6 rats
80 creatures vanquished.

Notes
Turn   | Place    | Note
-------+----------+-------------------------------------------
     0 | D:1      | monsoonserge the Gnoll Conjurer began the quest for the
                  | Orb.
     0 | D:1      | Reached XP level 1. HP: 13/13 MP: 6/6
   153 | D:1      | Reached XP level 2. HP: 14/19 MP: 7/7
   156 | D:1      | Learned a level 2 spell: Searing Ray
   466 | D:1      | Reached skill level 5 in Spellcasting
   466 | D:1      | Reached XP level 3. HP: 25/25 MP: 5/9
   677 | D:1      | Reached skill level 1 in Invocations
   707 | D:1      | Learned a level 3 spell: Dazzling Flash
  1120 | D:2      | Reached skill level 1 in Fighting
  1120 | D:2      | Reached skill level 1 in Short Blades
  1120 | D:2      | Reached skill level 1 in Long Blades
  1120 | D:2      | Reached skill level 1 in Axes
  1120 | D:2      | Reached skill level 1 in Maces & Flails
  1120 | D:2      | Reached skill level 1 in Polearms
  1120 | D:2      | Reached skill level 1 in Staves
  1120 | D:2      | Reached skill level 1 in Ranged Weapons
  1120 | D:2      | Reached skill level 1 in Throwing
  1120 | D:2      | Reached skill level 1 in Armour
  1120 | D:2      | Reached skill level 1 in Shields
  1120 | D:2      | Reached skill level 1 in Unarmed Combat
  1120 | D:2      | Reached skill level 1 in Evocations
  1205 | D:2      | Reached XP level 4. HP: 32/32 MP: 8/11
  1509 | D:2      | Noticed Jessica
  1513 | D:2      | Killed Jessica
  1514 | D:2      | Reached skill level 1 in Hexes
  1514 | D:2      | Reached skill level 1 in Summonings
  1514 | D:2      | Reached skill level 1 in Necromancy
  1514 | D:2      | Reached skill level 1 in Translocations
  1514 | D:2      | Reached skill level 1 in Transmutations
  1514 | D:2      | Reached skill level 1 in Fire Magic
  1514 | D:2      | Reached skill level 1 in Ice Magic
  1514 | D:2      | Reached skill level 1 in Air Magic
  1514 | D:2      | Reached skill level 1 in Earth Magic
  1514 | D:2      | Reached skill level 1 in Poison Magic
  2092 | D:3      | Reached XP level 5. HP: 27/37 MP: 12/12
  2334 | D:3      | Found a snail-covered altar of Cheibriados.
  2779 | D:3      | Noticed an ice beast
  2793 | D:3      | Killed an ice beast
  2794 | D:3      | Reached XP level 6. HP: 32/44 MP: 0/14
  2914 | D:3      | Reached skill level 5 in Dodging
  2990 | D:4      | Noticed Duvessa
  2990 | D:4      | Noticed Dowan
  3072 | D:4      | Killed Dowan
  3075 | D:4      | Slain by Duvessa

Illustrated notes

Levels and vault maps discovered:
D:1:      lightli_arrival_statue_moat, layout_basic, hangedman_feature_mirror
D:2:      layout_loops_ring, uniq_jessica
D:3:      minmay_chambers_of_twos, layout_basic,
          mainiacjoe_overflow_small_starburst, hangedman_decor_points
D:4:      layout_basic, serial_glass, glass_columns_c, glass_columns_b,
          feat_on_display, item_on_display_a, nicolae_shop_overcharged_wands,
          uniq_blork_the_orc, uniq_eustachio, uniq_duvessa

Skill      XL: |  1  2  3  4  5  6 |
---------------+-------------------+-----
Spellcasting   | 5 |  5.4
Invocations    | 1 2 |  2.3
Fighting       | 1 2 |  2.1
Short Blades   | 1 2 |  2.1
Long Blades    | 1 2 |  2.1
Axes           | 1 2 |  2.1
Maces & Flails | 1 2 |  2.1
Polearms       | 1 2 |  2.1
Staves         | 1 2 |  2.1
Ranged Weapons | 1 2 |  2.1
Throwing       | 1 2 |  2.1
Armour         | 1 2 |  2.1
Shields        | 1 2 |  2.1
Unarmed Combat | 1 2 |  2.1
Evocations     | 1 2 |  2.1
Hexes          | 1 |  1.6
Summonings     | 1 |  1.6
Necromancy     | 1 |  1.6
Translocations | 1 |  1.6
Transmutations | 1 |  1.6
Fire Magic     | 1 |  1.6
Ice Magic      | 1 |  1.6
Air Magic      | 1 |  1.6
Earth Magic    | 1 |  1.6
Poison Magic   | 1 |  1.6
Dodging        | 5 |  5.0
Stealth        | |  4.6
Conjurations   | |  7.3

Action                     |  1- 3 |  4- 6 || total
---------------------------+-------+-------++-------
  Melee: Spear             |    10 |       ||    10
         Hand axe          |    54 |    13 ||    67
         Bite              |     2 |     5 ||     7
         Punch             |     1 |       ||     1
         Rapier            |       |    13 ||    13
         Dagger            |       |    51 ||    51
   Cast: Magic Dart        |     5 |       ||     5
         Searing Ray       |    12 |    10 ||    22
         Dazzling Flash    |       |     1 ||     1
   Stab: Sleeping          |     3 |     5 ||     8
         Invisible         |       |     1 ||     1
 Armour: Robe              |     8 |    13 ||    21
  Dodge: Dodged            |    61 |    48 ||   109
